 Dungeon Crawl Stone Soup version 0.24-a0-443-g80245de385 (webtiles) character file.

Game seed: 6273505312459108525

8461 theanonym the Slicer (level 11, -1/84 HPs)
             Began as a Mummy Warper on June 21, 2019.
             Was the Champion of Cheibriados.
             Slain by an orc
             ... wielding a +0 dagger
              (4 damage)
             ... on level 9 of the Dungeon.
             The game lasted 00:19:04 (10480 turns).

theanonym the Slicer (Mummy Warper)                Turns: 10480, Time: 00:19:05

Health: -1/84      AC: 22    Str: 34    XL:     11   Next: 10%
Magic:  15/15      EV:  9    Int: 27    God:    Cheibriados [******]
Gold:   236        SH:  5    Dex: 35    Spells: 15/15 levels left

rFire    x . .     SeeInvis .   a - +6 short sword "Sehilat" {protect, *Noise rPois Dex+7}
rCold    + . .     Gourm    .   (no shield)
rNeg     + + +     Faith    .   p - +0 plate armour
rPois    ∞         Spirit   .   c - +1 helmet
rElec    .         Reflect  +   (no cloak)
rCorr    .         Harm     .   (no gloves)
MR       +....                  o - +0 pair of boots
Stlth    ..........             z - amulet of Daept {Reflect Str+2 SH+5}
HPRegen  0.24/turn              g - ring of stealth
MPRegen  0.14/turn              j - ring of stealth

@: protection aura, very slow
A: no food or potions, fire vulnerability, cold resistance 1, negative energy
resistance 3, torment resistance, unbreathing
a: Bend Time, Temporal Distortion, Slouch, Step From Time, Renounce Religion


Innate Abilities, Weirdness & Mutations

You do not eat or drink.
Your flesh is vulnerable to fire.
You are immune to poison.
Your flesh is cold resistant. (rC+)
You are immune to negative energy. (rN+++)
You are immune to unholy pain and torment.
You can survive without breathing.


   Skills:
 + Level 7.0 Fighting
 * Level 11.2 Short Blades
   Level 1.5 Axes
 - Level 0.7 Throwing
 + Level 5.4 Armour
 - Level 1.5 Dodging
 - Level 2.6 Spellcasting
   Level 2.4 Translocations
 + Level 4.8 Invocations


You had 15 spell levels left.
You didn't know any spells.
Your spell library contained the following spells:

 Spells                   Type           Power        Failure   Level  Hunger
 Blink                    Tloc           N/A          36%         2    N/A
 Shroud of Golubria       Chrm/Tloc      ##....       52%         2    N/A
 Gell's Gravitas          Tloc           ###.......   58%         3    N/A
 Lesser Beckoning         Tloc           ###.......   58%         3    N/A
 Teleport Other           Tloc           ###.....     58%         3    N/A
 Passage of Golubria      Tloc           N/A          94%         4    N/A

Skill      XL: |  1  2  3  4  5  6  7  8  9 10 11 |
---------------+----------------------------------+-----
Short Blades   | 1 2 3 5 6 7 9 10 11 | 11.2
Armour         | 2 4 5 |  5.4
Fighting       | 3 5 6 7 |  7.0
Invocations    | 2 4 |  4.8
Axes           | |  1.5
Throwing       | |  0.7
Dodging        | |  1.5
Spellcasting   | |  2.6
Translocations | |  2.4

Action                   |  1- 3 |  4- 6 |  7- 9 | 10-12 || total
-------------------------+-------+-------+-------+-------++-------
Melee: Dagger            |    95 |   174 |   150 |       ||   419
       Rapier            |       |       |   166 |       ||   166
       Short sword       |       |       |   235 |   411 ||   646
Invok: Slouch            |       |       |     1 |     1 ||     2
       Bend Time         |       |       |     1 |       ||     1
Evoke: Wand              |       |     1 |    10 |     2 ||    13
  Use: Scroll            |     4 |     2 |     8 |     4 ||    18
 Stab: Paralysed         |       |       |     2 |     2 ||     4
Armor: Leather armour    |     6 |       |       |       ||     6
       Ring mail         |    18 |    13 |       |       ||    31
       Scale mail        |       |    42 |     6 |       ||    48
       Chain mail        |       |       |    63 |       ||    63
       Plate armour      |       |       |   192 |   237 ||   429
Dodge: Dodged            |    42 |    92 |   327 |   143 ||   604
Block: Other             |       |       |       |    23 ||    23
       Reflection        |       |       |       |     1 ||     1

Inventory:

Hand Weapons
 a - the +6 short sword "Sehilat" (weapon) {protect, *Noise rPois Dex+7}

   It grants its wielder temporary protection when it strikes (+7 to AC).
   It affects your dexterity (+7).
   It protects you from poison.
   It may make noises in combat.
 b - a +4 scimitar of freezing
Missiles
 e - 5 boomerangs of dispersal (quivered)
 h - 5 silver boomerangs
 i - 4 boomerangs
 u - 4 throwing nets
Armour
 c - a +1 helmet (worn)
 o - a +0 pair of boots (worn)
 p - a +0 plate armour (worn)
Jewellery
 g - a ring of stealth (left hand)
 j - a ring of stealth (right hand)
 m - an uncursed ring of fire
 z - the amulet of Daept (around neck) {Reflect Str+2 SH+5}

   [amulet of reflection]

   It shields you and reflects attacks.
   It affects your strength (+2).
   It affects your SH (+5).
Wands
 k - a wand of paralysis (22)
 v - a wand of acid (11)
 w - a wand of flame (37)
 A - a wand of polymorph (10)
Scrolls
 f - 4 scrolls of fog
 l - 4 scrolls of immolation
 n - 4 scrolls of remove curse
 q - a scroll of enchant weapon
 s - a scroll of fear
 t - 4 scrolls of teleportation
 x - a scroll of amnesia
 y - 3 scrolls of magic mapping
 B - a scroll of silence


You were on level 9 of the Dungeon.
You worshipped Cheibriados.
Cheibriados was exalted by your worship.
You were not hungry.

You visited 1 branch of the dungeon, and saw 10 of its levels.
You also visited: Ossuary and Bailey.

You collected 910 gold pieces.
You spent 674 gold pieces at shops.

Dungeon Overview and Level Annotations

Branches:
Dungeon (10/15)            Temple (0/1) D:7            Lair (0/6) D:9
    Orc: D:9-12

Altars:
Cheibriados
Gozag
Kikubaaqudgha
Okawaru
Yredelemnul

Shops:
D:6 [   D:9 *

Annotations:
D:7 exclusion: ice statue
D:9 Josephine

#.### ###+###### #...#
#........# # ########'##
#........# ##
#..)......# #........#
#.
'.........####........#
#.
#.........'.##........#
#.
#.........#..'........#
#.
#.........####.o.o....#
#. ###########
#..@@....# #. ######.###
#. #####)#### #.
#....[[..##### ###'
#............###...
#........###..##.##
#........# ##..#.#.
######### #........#
##.#†#.
........#######........#
#.#†..


You could see Josephine and 2 orcs.

Notes
Turn   | Place    | Note
-------+----------+-------------------------------------------
     0 | D:1      | theanonym the Mummy Warper began the quest for the Orb.
     0 | D:1      | Reached XP level 1. HP: 16/16 MP: 4/4
   124 | D:1      | Reached skill level 1 in Short Blades
   176 | D:1      | Reached XP level 2. HP: 18/22 MP: 5/5
   416 | D:1      | Reached skill level 2 in Short Blades
   651 | D:1      | Reached XP level 3. HP: 24/27 MP: 7/7
   940 | D:2      | Noticed Natasha
   948 | D:2      | HP: 13/27 [Natasha/magic dart (6)]
   951 | D:2      | Killed Natasha
   951 | D:2      | Reached skill level 3 in Short Blades
   951 | D:2      | Reached XP level 4. HP: 12/33 MP: 8/8
   965 | D:2      | HP: 9/33 [adder (4)]
   972 | D:2      | HP: 8/33 [adder (2)]
   978 | D:2      | HP: 7/33 [hobgoblin/+0 club (2)]
  1375 | D:2      | Noticed Natasha
  1390 | D:2      | Killed Natasha
  1538 | D:2      | Noticed Natasha
  1549 | D:2      | HP: 15/33 [Natasha (7)]
  1550 | D:2      | Killed Natasha
  1749 | D:2      | Reached XP level 5. HP: 38/38 MP: 9/9
  1790 | D:2      | Found a snail-covered altar of Cheibriados.
  1802 | D:2      | Became a worshipper of Cheibriados the Contemplative
  2085 | D:3      | Reached skill level 4 in Short Blades
  2766 | D:3      | Found a basalt altar of Yredelemnul.
  2931 | D:4      | Reached * piety under Cheibriados
  3037 | D:4      | Noticed Duvessa
  3037 | D:4      | Noticed Dowan
  3070 | D:4      | Killed Duvessa
  3070 | D:4      | Reached skill level 5 in Short Blades
  3070 | D:4      | Reached XP level 6. HP: 41/44 MP: 10/10
  3091 | D:4      | Noticed Eustachio
  3127 | D:4      | Killed Eustachio
  3127 | D:4      | Reached skill level 6 in Short Blades
  3341 | D:4      | Reached XP level 7. HP: 43/50 MP: 11/11
  3408 | D:4      | Killed Dowan
  3463 | D:4      | Found an iron altar of Okawaru.
  3564 | D:5      | Entered Level 5 of the Dungeon
  3569 | D:5      | Reached ** piety under Cheibriados
  3599 | D:5      | HP: 13/50 [orc/+0 hand axe of electrocution (18)]
  4475 | D:5      | Reached skill level 7 in Short Blades
  4497 | D:5      | HP: 24/50 [acid (5)]
  4508 | D:5      | HP: 23/50 [quokka (3)]
  5057 | D:6      | Found Wasasose's Armour Shop.
  5082 | D:6      | Bought a +0 pair of boots for 67 gold pieces
  5087 | D:6      | Bought a +0 plate armour for 345 gold pieces
  5118 | D:6      | Found a sand-covered staircase.
  5125 | Ossuary  | Entered an ossuary
  5136 | Ossuary  | Reached *** piety under Cheibriados
  5166 | Ossuary  | Reached XP level 8. HP: 39/56 MP: 12/12
  5623 | Ossuary  | Reached skill level 8 in Short Blades
  5951 | Ossuary  | Identified a scroll of acquirement
  5953 | Ossuary  | Got a pitted short sword
  5954 | Ossuary  | Identified the +6 short sword "Sehilat" {protect, *Noise
                  | rPois Dex+7} (You acquired it in an ossuary)
  5975 | D:6      | Reached skill level 1 in Armour
  6038 | D:6      | Found an ancient bone altar of Kikubaaqudgha.
  6365 | D:7      | Found a staircase to the Ecumenical Temple.
  6391 | D:7      | Reached skill level 3 in Fighting
  6391 | D:7      | Reached skill level 2 in Armour
  6431 | D:7      | Reached **** piety under Cheibriados
  6453 | D:7      | Reached skill level 9 in Short Blades
  6548 | D:7      | Reached XP level 9. HP: 61/65 MP: 13/13
  6598 | D:7      | Reached skill level 4 in Fighting
  6613 | D:7      | Reached skill level 3 in Armour
  6854 | D:7      | Noticed Prince Ribbit
  6865 | D:7      | Killed Prince Ribbit
  6947 | D:7      | Noticed an ice statue
  6990 | D:8      | Found a flagged portal.
  7013 | Bailey   | Entered a bailey
  7032 | Bailey   | HP: 33/66 [orc warrior/+0 trident (3)]
  7036 | Bailey   | Reached ***** piety under Cheibriados
  7036 | Bailey   | HP: 14/66 [orc warrior/+0 trident (16)]
  7037 | Bailey   | Reached skill level 1 in Invocations
  7041 | Bailey   | HP: 12/66 [orc/+0 halberd (2)]
  7349 | Bailey   | HP: 28/66 [orc warrior/+0 halberd (11)]
  7350 | Bailey   | HP: 13/66 [orc warrior/+0 halberd (9)]
  7350 | Bailey   | HP: 5/66 [orc warrior/+0 war axe (8)]
  7357 | Bailey   | Reached skill level 2 in Invocations
  7667 | Bailey   | Noticed an orc knight
  7668 | Bailey   | Noticed an orc knight
  7692 | Bailey   | HP: 32/67 [orc/+0 halberd (7)]
  7703 | Bailey   | HP: 14/67 [orc knight/cursed -2 glaive (12)]
  7984 | D:8      | Reached skill level 5 in Fighting
  8082 | D:8      | Noticed a two-headed ogre
  8091 | D:8      | Killed a two-headed ogre
  8091 | D:8      | Reached skill level 10 in Short Blades
  8091 | D:8      | Reached skill level 4 in Armour
  8145 | D:8      | Reached XP level 10. HP: 74/74 MP: 14/14
  8155 | D:8      | Reached skill level 3 in Invocations
  8166 | D:8      | HP: 37/75 [queen bee (6)]
  8173 | D:8      | HP: 35/76 [killer bee (4)]
  8187 | D:8      | HP: 32/76 [killer bee (4)]
  8222 | D:8      | HP: 29/76 [killer bee (4)]
  8775 | D:9      | Found a runed translucent gate.
  8775 | D:9      | Found a runed translucent gate.
  8775 | D:9      | Found an opulent altar of Gozag.
  8775 | D:9      | Found a runed translucent gate.
  8775 | D:9      | Found Laem's Assorted Antiques.
  8775 | D:9      | Noticed a harpy
  8775 | D:9      | Noticed Maiphojizi's ghost (novice SpCK)
  8792 | D:9      | Found a staircase to the Lair.
  9037 | D:9      | Reached skill level 6 in Fighting
  9253 | D:9      | Reached skill level 4 in Invocations
  9522 | D:9      | Reached skill level 5 in Armour
  9656 | D:9      | Killed Maiphojizi's ghost
  9660 | D:9      | Killed a harpy
  9704 | D:9      | Bought a scroll labeled ITWEONYAFAL for 25 gold pieces
  9704 | D:9      | Bought a fine amethyst amulet for 125 gold pieces
  9704 | D:9      | Bought a scroll of magic mapping for 87 gold pieces
  9704 | D:9      | Bought a scroll labeled QECUUR ARUELOTZ for 25 gold pieces
  9704 | D:9      | Identified the amulet of Daept {Reflect Str+2 SH+5} (You
                  | bought it in a shop on level 9 of the Dungeon)
  9757 | D:10     | Entered Level 10 of the Dungeon
  9780 | D:10     | Reached skill level 11 in Short Blades
  9840 | D:10     | Reached XP level 11. HP: 60/83 MP: 5/15
  9933 | D:10     | HP: 39/83 [something (7)]
  9938 | D:10     | HP: 35/83 [something (2)]
 10233 | D:9      | HP: 40/83 [something (3)]
 10238 | D:9      | HP: 36/83 [something (5)]
 10241 | D:9      | Killed an unseen horror
 10456 | D:10     | Reached ****** piety under Cheibriados
 10460 | D:10     | Noticed Josephine
 10463 | D:10     | Reached skill level 7 in Fighting
 10476 | D:9      | HP: 38/84 [Josephine/dispel undead (38)]
 10478 | D:9      | HP: 3/84 [Josephine/dispel undead (35)]
 10480 | D:9      | Slain by an orc

Vanquished Creatures
  A two-headed ogre (D:8)
  An unseen horror (D:9)
  A harpy (D:9)
  The ghost of Maiphojizi the Cutter, a novice SpCK of Xom (D:9)
  A queen bee (D:8)
  A hornet (D:10)
  Prince Ribbit (D:7)
  A hippogriff (D:7)
  Eustachio (D:4)
  3 yaks (D:9)
  A hungry ghost (D:7)
  Duvessa (D:4)
  9 orc warriors
  2 necrophages
  2 ice beasts (D:9)
  3 sky beasts (D:9)
  3 centaurs
  An eye of draining (D:10)
  2 ogres (D:10)
  A crocodile (D:7)
  3 bullfrogs
  Dowan (D:4)
  A water moccasin zombie (D:9)
  8 wights
  15 killer bees (D:8)
  2 scorpions
  A howler monkey (D:5)
  5 crimson imps
  3 hounds
  2 quasits
  3 jellies
  3 centaur skeletons
  4 orc priests
  2 bullfrog skeletons
  2 iguanas
  Natasha (thrice) (D:2)
  6 orc wizards
  9 worker ants
  13 mummies (Ossuary)
  A worker ant zombie (D:10)
  9 adders
  2 shadow imps
  An ooze (D:6)
  An adder zombie (D:6)
  3 worms
  2 dart slugs
  5 leopard geckos
  54 orcs
  A ball python (D:7)
  5 giant cockroaches
  9 goblins
  7 hobgoblins
  10 jackals
  2 quokkas
  3 bats (D:1)
  5 frilled lizards
  A giant cockroach zombie (D:5)
  5 gnoll skeletons (Ossuary)
  A goblin skeleton (Ossuary)
  10 kobolds
  2 orc skeletons (Ossuary)
  A quokka skeleton (D:4)
  7 rats
  11 rat skeletons (Ossuary)
281 creatures vanquished.

Table legend:
 A = Turns spent in this place as a percentage of turns spent in the entire game.
 B = Non-inter-level travel turns spent in this place as a percentage of non-inter-level travel turns spent in the entire game.
 C = Inter-level travel turns spent in this place as a percentage of turns spent in this place.
 D = Turns resting spent in this place as a percentage of non-inter-level travel turns spent in this place.
 E = Turns spent auto-exploring this place as a percentage of non-inter-level travel turns spent in this place.
 F = Non-inter-level travel turns spent in this place divided by the number of levels of this place that you've seen.
                   A       B       C       D       E      F
               +-------+-------+-------+-------+-------+----------------------
         Total | 100.0 | 100.0 |   4.9 |  33.9 |  45.3 | 830.2
       Dungeon |  85.4 |  84.7 |   5.8 |  28.1 |  51.2 | 843.3
       Ossuary |   8.0 |   8.4 |   0.0 |  58.6 |  15.9 | 838.0
        Bailey |   6.6 |   6.9 |   0.0 |  75.0 |   8.4 | 691.0
               +-------+-------+-------+-------+-------+----------------------
